 Dungeon Crawl Stone Soup version 0.22-a0-848-ge9e22a0 (webtiles) character file.

1383 Mgcat the Transmogrifier (level 8, -1/54 HPs)
             Began as a Merfolk Transmuter on July 26, 2018.
             Was a Believer of Ru.
             Slain by a troll (11 damage)
             ... on level 7 of the Dungeon.
             The game lasted 00:16:09 (6858 turns).

Mgcat the Transmogrifier (Merfolk Transmuter)       Turns: 6858, Time: 00:16:09

Health: -1/54      AC:  2    Str: 15    XL:     8   Next: 67%
Magic:  9/11       EV: 21    Int: 14    God:    Ru [**....]
Gold:   362        SH:  0    Dex: 20    Spells: 0/11 levels left

rFire    . . .     SeeInvis .     - Unarmed
rCold    . . .     Gourm    .   (shield currently unavailable)
rNeg     . . .     Faith    .   (armour currently unavailable)
rPois    x         Spirit   .   (helmet currently unavailable)
rElec    .         Reflect  .   (cloak currently unavailable)
rCorr    +         Harm     .   (gloves currently unavailable)
MR       +....                  (boots currently unavailable)
Stlth    +++.......             (no amulet)
HPRegen  0.18/turn              j - ring of resist corrosion
MPRegen  0.12/turn              t - ring of protection from magic {MR+, !d}

@: mighty, spider-form
A: tiny, (change form in water), (swift swim), (stealthy swim), inability to use
devices
a: End Transformation, Renounce Religion


You were on level 7 of the Dungeon.
You worshipped Ru.
Ru was pleased with you.
You were not hungry.
You were a venomous arachnid creature.
You visited 2 branches of the dungeon, and saw 8 of its levels.

You collected 362 gold pieces.

Inventory:

Hand Weapons
 l - the +2 quarterstaff "Yggoa" {crush, rPois rC+ MP-9 Dex+5}
   (You found it on level 4 of the Dungeon)

   It inflicts extra damage upon your enemies.
   It affects your dexterity (+5).
   It protects you from cold.
   It protects you from poison.
   It affects your magic capacity (-9).
Missiles
 a - 134 arrows
 s - a throwing net {=f, !d}
Armour
 b - a +0 robe (melded)
 g - a scarf of cloud immunity (melded)
   (You found it on level 1 of the Dungeon)
Jewellery
 j - a ring of resist corrosion (left front leg)
   (You found it on level 4 of the Dungeon)
 n - an uncursed ring of ice {rC+, rF-}
   (You found it on level 5 of the Dungeon)
 t - a ring of protection from magic (right front leg) {MR+, !d}
   (You found it on level 5 of the Dungeon)
 u - an uncursed amulet of guardian spirit {Spirit}
   (You found it on level 6 of the Dungeon)
Scrolls
 c - 6 scrolls of teleportation
 e - 2 scrolls of fog
 f - a scroll of remove curse
 i - 4 scrolls of identify
 q - 2 scrolls of enchant weapon
 w - a scroll of magic mapping {!r}
Potions
 h - a potion of lignification {!q}
 m - a potion of resistance
 o - a potion of flight
 r - a potion of agility {unknown}
 v - a potion of brilliance {unknown}
 x - a potion of might
Comestibles
 d - 8 rations
 p - a chunk of flesh {@w0}


   Skills:
 - Level 1.1 Fighting
 - Level 2.6 Dodging
 - Level 5.1 Stealth
 + Level 7.3 Unarmed Combat
 - Level 2.0 Spellcasting
 + Level 8.2 Transmutations
 - Level 4.0 Poison Magic


You couldn't memorise any spells.
You knew the following spells:

 Your Spells              Type           Power        Failure   Level  Hunger
a - Beastly Appendage     Tmut           ###...       4%          1    ##.....
b - Sticks to Snakes      Tmut           ###.....     6%          2    ###....
c - Spider Form           Tmut/Pois      ###.......   17%         3    ####...
d - Blade Hands           Tmut           ###.......   43%         5    ######.

Your spell library contained the following spells:

 Spells                   Type           Power        Failure   Level  Hunger
 Ice Form                 Ice/Tmut       ##......     63%         4    #####..


Dungeon Overview and Level Annotations

Branches:
Dungeon (7/15)             Temple (1/1) D:5

Altars:
Cheibriados
Dithmenos
Elyvilon
Gozag
Kikubaaqudgha
Okawaru
Ru
Sif Muna
Vehumet
Wu Jian
Xom
Yredelemnul
Zin

Annotations:
D:3 1 runed door, Ijyb


Innate Abilities, Weirdness & Mutations

((You revert to your normal form in water.))
((You are very nimble and swift while swimming.))
((You are very stealthy in the water. (Stealth+)))
You cannot study or use magical devices.


Message History

There is an open door here.
There is an escape hatch in the ceiling here.
A mysterious force pulls you upwards. The hatch slams shut behind you.
(D) Dungeon (T) Temple
Where to? (Enter - D:7, ? - help)
What level of the Dungeon? (default 1, ? - help)
Your transformation is almost over.
Magic restored.
There is a stone staircase leading down here.
You climb downwards.
Your transformation has ended.
Your scarf of cloud immunity unmelds from your body.
Your +0 robe unmelds from your body.
You feel immune to the effects of clouds.
There is a stone staircase leading up here.
A hound is nearby!
Casting: Spider Form (safe; 6% risk of failure)
Confirm with . or Enter, or press ? or * to list all spells.
You turn into a venomous arachnid creature.
Your scarf of cloud immunity melds into your body.
Your +0 robe melds into your body.
You feel vulnerable to the effects of clouds.
The hound barks!
The hound closely misses you.
You barely miss the hound. The hound closely misses you.
You hit the hound.
The hound is poisoned.
The hound is moderately wounded.
The hound misses you.
You hit the hound.
The hound looks as sick as possible!
The hound is severely wounded.
The hound misses you.
You bite the hound!
You kill the hound!
No target in view!
No target in view!
You butcher the hound corpse.
p - 2 chunks of flesh {@w0} Eating one of 2 chunks of flesh {@w0}.
You eat one of the 2 chunks of flesh {@w0}.
This raw flesh tastes terrible.
There is a stone staircase leading up here.
You open the door.
Your transformation is almost over.
Your transformation has ended.
Your scarf of cloud immunity unmelds from your body.
Your +0 robe unmelds from your body.
You feel immune to the effects of clouds.
HP restored.
Magic restored.
Found an ivory falchion.
A troll comes into view.
Casting: Spider Form (safe; 6% risk of failure)
Confirm with . or Enter, or press ? or * to list all spells.
You turn into a venomous arachnid creature.
Your scarf of cloud immunity melds into your body.
Your +0 robe melds into your body.
You feel vulnerable to the effects of clouds.
You swing at nothing.
You completely miss the troll. The troll misses you. x2
The troll barely misses you.
You hit the troll but do no damage.
The troll is poisoned.
The troll bites you but does no damage. The troll claws you! x2
You hit the troll.
The troll looks as sick as possible!
The troll is lightly wounded.
The troll barely misses you. The troll misses you. x2
You barely miss the troll.
The troll is lightly wounded.
The troll misses you. The troll claws you! The troll closely misses you.
You hit the troll but do no damage.
The troll is lightly wounded.
The troll misses you. The troll claws you! The troll barely misses you.
You hit the troll but do no damage.
The troll is lightly wounded.
The troll closely misses you. The troll barely misses you. The troll claws you.
You closely miss the troll.
The troll is moderately wounded.
The troll closely misses you. The troll barely misses you.
The troll closely misses you.
You feel much better. The troll completely misses you. The troll claws you!
The troll misses you.
You feel very mighty all of a sudden. The troll misses you.
The troll claws you! The troll claws you.
You bite the troll!
The troll looks as sick as possible!
The troll is heavily wounded.
The troll bites you!
* * * LOW HITPOINT WARNING * * *
The troll misses you. The troll completely misses you.
Okay, then.
Okay, then.
Unknown command.
Unknown command.
You barely miss the troll.
The troll is heavily wounded.
Unknown command.
Unknown command.
Unknown command.
You bite the troll!
The troll is almost dead.
The troll bites you!
You die...

...##..########
...##..........
.#.###.##########
.#...........#..#
.##.##.####.##..#
.##.##.####.##..#
.##.........##..#+####
.##..................#
.##.=......###.#s..!.#
.##........# #)#T....#
.##........# #.#.....#
.##...[....# #.#.....#
.##........#
#.##......
.##........# ...
....### .##........#
... ....+ #####..#####
....# #........#


You could see a troll.

Vanquished Creatures
  An ice beast (D:6)
  A necrophage (D:6)
  A sky beast (D:7)
  A black bear (D:6)
  An ogre (D:4)
  A centaur (D:6)
  3 howler monkeys
  5 crimson imps
  2 hounds
  5 orc wizards
  An orc priest (D:4)
  6 worker ants
  3 gnolls (D:5)
  6 adders
  A shadow imp (D:5)
  An ooze (D:1)
  An adder zombie (D:6)
  2 worms
  2 dart slugs (D:1)
  2 leopard geckos
  17 orcs
  2 giant cockroaches
  12 goblins
  7 hobgoblins
  2 jackals (D:4)
  6 kobolds
  A quokka (D:4)
  3 bats
  3 frilled lizards
  A leopard gecko skeleton (D:6)
  A quokka skeleton (D:4)
  11 rats
112 creatures vanquished.

Notes
Turn   | Place    | Note
-------+----------+-------------------------------------------
     0 | D:1      | Mgcat the Merfolk Transmuter began the quest for the Orb.
     0 | D:1      | Reached XP level 1. HP: 15/15 MP: 3/3
    66 | D:1      | Reached skill level 1 in Stealth
    66 | D:1      | Reached skill level 3 in Transmutations
    66 | D:1      | Reached XP level 2. HP: 15/21 MP: 3/5
    71 | D:1      | Learned a level 2 spell: Sticks to Snakes
   208 | D:1      | HP: 5/21 [hobgoblin/club (4)]
   554 | D:1      | Reached XP level 3. HP: 26/26 MP: 4/6
   564 | D:1      | Learned a level 3 spell: Spider Form
  1210 | D:2      | Reached skill level 2 in Stealth
  1210 | D:2      | Reached skill level 4 in Unarmed Combat
  1210 | D:2      | Reached skill level 1 in Poison Magic
  1210 | D:2      | Reached XP level 4. HP: 13/32 MP: 5/7
  1940 | D:3      | Reached skill level 4 in Transmutations
  2195 | D:3      | HP: 7/32 [orc wizard/dagger (5)]
  2198 | D:3      | HP: 1/32 [orc wizard/magic dart (6)]
  2201 | D:3      | Reached XP level 5. HP: 29/37 MP: 3/8
  2305 | D:3      | Found a runed door.
  2305 | D:3      | Noticed a human
  2309 | D:3      | Found a basalt altar of Yredelemnul.
  2328 | D:3      | Found a shimmering altar of Xom.
  2401 | D:3      | Noticed Ijyb
  2403 | D:3      | Found a glowing silver altar of Zin.
  2528 | D:3      | Reached skill level 2 in Poison Magic
  2591 | D:3      | Reached skill level 3 in Stealth
  3237 | D:4      | Got an ivory quarterstaff
  3238 | D:4      | Identified the cursed +2 quarterstaff "Yggoa" {crush, rPois rC+ MP-9 Dex+5} (You found it on level 4 of the Dungeon)
  3260 | D:4      | Reached XP level 6. HP: 16/43 MP: 0/9
  3262 | D:4      | HP: 7/43 [orc/short sword (6)]
  3704 | D:4      | Got a faintly glowing hand axe
  3705 | D:4      | Identified the +5 hand axe of Loam {protect, Int-4 Dex+5} (You found it on level 4 of the Dungeon)
  3900 | D:4      | Reached skill level 5 in Transmutations
  4090 | D:4      | Reached skill level 4 in Stealth
  4090 | D:4      | Reached skill level 5 in Unarmed Combat
  4090 | D:4      | Reached skill level 3 in Poison Magic
  4162 | D:5      | Entered Level 5 of the Dungeon
  4236 | D:5      | Found a staircase to the Ecumenical Temple.
  4244 | Temple   | Entered the Ecumenical Temple
  4314 | Temple   | Became a worshipper of Ru the Awakened
  4424 | D:5      | Reached XP level 7. HP: 48/48 MP: 7/10
  4671 | D:5      | Found a deep blue altar of Sif Muna.
  4671 | D:5      | Found an iron altar of Okawaru.
  5089 | D:6      | Reached skill level 6 in Transmutations
  5089 | D:6      | Reached skill level 4 in Poison Magic
  5161 | D:6      | Reached skill level 5 in Stealth
  5167 | D:6      | Reached skill level 6 in Unarmed Combat
  5167 | D:6      | Reached XP level 8. HP: 23/54 MP: 9/11
  5445 | D:6      | Gained mutation: You cannot study or use magical devices. [Ru sacrifice]
  5445 | D:6      | Reached * piety under Ru
  5445 | D:6      | Reached ** piety under Ru
  5468 | D:6      | HP: 13/54 [centaur/uncursed spear (5)]
  5473 | D:6      | HP: 12/54 [worker ant (2)]
  5474 | D:6      | Reached skill level 7 in Transmutations
  6071 | D:6      | Learned a level 5 spell: Blade Hands
  6307 | D:7      | Reached skill level 7 in Unarmed Combat
  6756 | D:7      | Reached skill level 8 in Transmutations
  6842 | D:7      | Noticed a troll
  6856 | D:7      | HP: 10/54 [troll (13)]
  6858 | D:7      | Slain by a troll

Vault maps used:
D:1:      lightli_arrival_windingriver
D:3:      kennysheep_the_goblin_king, nicolae_overflow_crystal_walls,
          lemuel_round_altar, first_ration, dk_yredelemnul_ordeal
D:4:      minmay_opposing_rooms
D:5:      gammafunk_temple_overflow_elements, minmay_temple_entry_glassed_door
D:7:      okawaru_altar_gauntlet_db, uniq_joseph
Temple:   dpeg_chambers_temple

Skill      XL: |  1  2  3  4  5  6  7  8 |
---------------+-------------------------+-----
Stealth        | 1 2 3 4 5 |  5.1
Transmutations | 3 4 5 6 8 |  8.2
Unarmed Combat | 4 5 6 7 |  7.3
Poison Magic   | 1 2 3 4 |  4.0
Fighting       | |  1.1
Dodging        | |  2.6
Spellcasting   | |  2.0

Action                   |  1- 3 |  4- 6 |  7- 9 || total
-------------------------+-------+-------+-------++-------
Melee: Unarmed           |    87 |   156 |   126 ||   369
       Headbutt          |     9 |     5 |       ||    14
       Punch             |       |     2 |       ||     2
       Quarterstaff      |       |    14 |       ||    14
       Hand axe          |       |     4 |     9 ||    13
 Cast: Beastly Appendage |    18 |    14 |       ||    32
       Spider Form       |       |    16 |    21 ||    37
Invok: Sacrifice Artific |       |       |     1 ||     1
  Use: Scroll            |       |    14 |     4 ||    18
       Potion            |       |     3 |     3 ||     6
 Stab: Sleeping          |     2 |     4 |     5 ||    11
  Eat: Chunk             |     1 |    10 |     8 ||    19
       Ration            |       |     1 |     1 ||     2
Armor: Robe              |    17 |    13 |     4 ||    34
       Skin              |       |       |     6 ||     6
Dodge: Dodged            |    38 |    96 |   123 ||   257

Table legend:
 A = Spawn XP
 B = Non-spawn XP
 C = Spawn XP percentage of total XP
 D = Spawn monster count
 E = Non-spawn monster count
 F = Spawn count percentage of total count
 G = Total turns spent on level
                    A         B        C        D         E        F      G
               +---------+---------+-------+---------+---------+-------+---------
         Total |       0 |    1977 |   0.0 |       0 |     112 |   0.0 |  6858
               +---------+---------+-------+---------+---------+-------+---------
           D:1 |       0 |      38 |   0.0 |       0 |      17 |   0.0 |   798
           D:2 |       0 |      95 |   0.0 |       0 |      17 |   0.0 |  1127
           D:3 |       0 |     114 |   0.0 |       0 |      25 |   0.0 |  1263
           D:4 |       0 |     339 |   0.0 |       0 |      16 |   0.0 |   974
           D:5 |       0 |     306 |   0.0 |       0 |      10 |   0.0 |   805
           D:6 |       0 |     781 |   0.0 |       0 |      18 |   0.0 |  1200
           D:7 |       0 |     304 |   0.0 |       0 |       9 |   0.0 |   563
               +---------+---------+-------+---------+---------+-------+---------

Vault maps used:
D:1:      lightli_arrival_windingriver
D:3:      kennysheep_the_goblin_king, nicolae_overflow_crystal_walls,
          lemuel_round_altar, first_ration, dk_yredelemnul_ordeal
D:4:      minmay_opposing_rooms
D:5:      gammafunk_temple_overflow_elements, minmay_temple_entry_glassed_door
D:7:      okawaru_altar_gauntlet_db, uniq_joseph
Temple:   dpeg_chambers_temple

Table legend:
 A = Turns spent in this place as a percentage of turns spent in the entire game.
 B = Non-inter-level travel turns spent in this place as a percentage of non-inter-level travel turns spent in the entire game.
 C = Inter-level travel turns spent in this place as a percentage of turns spent in this place.
 D = Turns resting spent in this place as a percentage of non-inter-level travel turns spent in this place.
 E = Turns spent auto-exploring this place as a percentage of non-inter-level travel turns spent in this place.
 F = Non-inter-level travel turns spent in this place divided by the number of levels of this place that you've seen.
                   A       B       C       D       E      F
               +-------+-------+-------+-------+-------+----------------------
         Total | 100.0 | 100.0 |   3.9 |   6.7 |  76.5 | 824.1
       Dungeon |  98.1 |  98.8 |   3.3 |   6.8 |  76.2 | 930.1
        Temple |   1.9 |   1.2 |  35.9 |   0.0 |  96.3 |  82.0
               +-------+-------+-------+-------+-------+----------------------

Table legend:
 A = Kills in this place as a percentage of kills in entire the game.
 B = Kills by you in this place as a percentage of kills by you in the entire game.
 C = Kills by friends in this place as a percentage of kills by friends in the entire game.
 D = Other kills in this place as a percentage of other kills in the entire game.
 E = Experience gained in this place as a percentage of experience gained in the entire game.
 F = Experience gained in this place divided by the number of levels of this place that you have seen.
                   A       B       C       D       E      F
               +-------+-------+-------+-------+-------+----------------------
         Total | 100.0 | 100.0 |   N/A |   N/A | 100.0 | 247.1
       Dungeon | 100.0 | 100.0 |   N/A |   N/A | 100.0 | 282.4
               +-------+-------+-------+-------+-------+----------------------
